 Dungeon Sprint DCSS version 0.21.0-25-ge575cb9 (webtiles) character file.

69738 wojtek the Executioner (level 13, -13/139 HPs)
             Began as a Minotaur Berserker on Jan 27, 2018.
             Was the Champion of Trog.
             Killed from afar by Nikola (20 damage)
             ... with a chain lightning
             ... in the Dungeon (Sprint III: "The Ten Rune Challenge").
             The game lasted 00:20:23 (7349 turns).

wojtek the Executioner (Minotaur Berserker)         Turns: 7349, Time: 00:20:23

Health: -13/139    AC: 29    Str: 30    XL:     13   Next: 81%
Magic:  12/12      EV: 19    Int:  4    God:    Trog [******]
Gold:   2607       SH:  0    Dex: 11    Spells: 12/12 levels left

rFire    + + .     SeeInvis +   z - +8 executioner's axe of the Undead {venom, rPois Int+2}
rCold    . . .     Gourm    .   (shield currently unavailable)
rNeg     . . .     Faith    .   x - +1 fire dragon scales
rPois    +         Spirit   .   B - +2 hat
rElec    .         Reflect  .   E - +0 cloak {rPois}
rCorr    .         Harm     .   J - +4 pair of gloves of the Stars {Str+4 Int-2 SInv}
MR       .....     NoTele   +   R - +2 pair of boots
Stlth    ..........             (no amulet)
HPRegen  0.33/turn              T - ring of protection from cold
MPRegen  0.13/turn              (no ring)

@: no status effects
A: retaliatory headbutt, horns 2
}: 2/10 runes: decaying, barnacled
a: Berserk, Trog's Hand, Brothers in Arms, Burn Spellbooks, Renounce Religion


You were in the Dungeon.
You worshipped Trog.
Trog was exalted by your worship.
You were not hungry.

You visited 1 branch You collected 5057 gold pieces.
You spent 2450 gold pieces at shops.

Inventory:

Hand Weapons
 a - a +4 antimagic battleaxe
 u - a +1 executioner's axe of electrocution
 y - a +5 battleaxe of electrocution
 z - the +8 executioner's axe of the Undead (weapon) {venom, rPois Int+2}
   (Trog gifted it to you in the Dungeon)

   It poisons the flesh of those it strikes.
   It affects your intelligence (+2).
   It protects you from poison.
 A - a +2 antimagic broad axe
 C - a +2 antimagic battleaxe
 D - a +4 battleaxe of flaming
 G - a +4 vampiric battleaxe
 H - a +3 antimagic battleaxe
 Q - a +3 battleaxe of venom
 U - a +2 battleaxe of chopping
Missiles
 b - 27 javelins of returning
 r - 3 javelins of penetration (quivered)
Armour
 s - a +0 scale mail
 v - a +0 ring mail of poison resistance
 w - a +0 plate armour
 x - +1 fire dragon scales (worn)
 B - a +2 hat (worn)
 E - a +0 cloak of poison resistance (worn)
 I - +0 ice dragon scales
 J - the +4 pair of gloves of the Stars (worn) {Str+4 Int-2 SInv}
   (You found it in the Dungeon)

   It affects your strength (+4).
   It affects your intelligence (-2).
   It lets you see invisible.
 N - a scarf of cloud immunity
 R - a +2 pair of boots (worn)
Jewellery
 L - a cursed -3 ring of strength {unknown}
 T - a ring of protection from cold (left hand)
Wands
 j - a wand of acid (22)
Scrolls
 i - 2 scrolls of blinking
 l - a scroll of torment {unknown}
 m - 3 scrolls of identify {unknown}
 n - 3 scrolls of fog {unknown}
 p - a scroll of immolation {unknown}
 q - 3 scrolls of remove curse {unknown}
 K - 2 scrolls of amnesia {unknown}
 O - a scroll of enchant weapon {unknown}
 S - a scroll of fear
Potions
 d - 2 potions of curing
 e - 3 potions of heal wounds
 f - 2 potions of haste
 g - 2 potions of magic
 h - 2 potions of berserk rage
 k - 3 potions of mutation {unknown}
 o - 2 potions of flight
 F - a potion of ambrosia {unknown}
 P - a potion of degeneration {unknown}
Miscellaneous
 t - a phial of floods
 M - a lightning rod (4/4)
Comestibles
 c - 10 rations


   Skills:
 + Level 19.7 Fighting
 * Level 25.8 Axes
 - Level 18.7 Armour
 + Level 18.2 Dodging


You had 12 spell levels left.
You didn't know any spells.

Dungeon Overview and Level Annotations

Branches:
Dungeon (1/1)

Altars:
Cheibriados
Dithmenos
Elyvilon
Fedhas
Gozag
Hepliaklqana
Kikubaaqudgha
Makhleb
Nemelex Xobeh
Okawaru
Qazlal
Ru
Sif Muna
Trog
Uskayaw
Vehumet
Wu Jian
Xom
Yredelemnul
Zin
The Shining One
Beogh
Jiyva
Lugonu

Shops:
D [=%[%}(!}}%%:[=}!:=([(?

Annotations:
D Nikola


Innate Abilities, Weirdness & Mutations

You reflexively headbutt those who attack you in melee.
You have a pair of horns on your head.


Message History

Nikola blinks!
There is an open door here.
Your cyclops hits Nikola!
Your cyclops rages.
Your cyclops hits Nikola!!
Nikola casts a spell.
You hear a mighty clap of thunder!
The lightning arc hits your cyclops. The lightning arc hits you!
* * * LOW HITPOINT WARNING * * *
The lightning arc grounds out.
You see here an arrow.
You slash Nikola!
Nikola looks as sick as possible!
Nikola is severely wounded.
Your cyclops barely misses Nikola.
You slice Nikola like a ripe choko!!!
Nikola is almost dead.
Nikola casts a spell.
You hear a mighty clap of thunder!
The lightning arc hits your cyclops. The lightning arc hits you!
You die...

#'#§###...## #.#.#
##+### #'#####.≈≈≈+
#..'∩∩#.≈≈.#
####∩∩#.≈≈.#
####+###▓ #..#..≈.#
+≈⌠...≈.▓ +..+..≈≈+
#≈≈.≈.≈.▓ #..#≈≈C@#
#.≈.≈.;.▓ #..#))(@#
..;..
#..####'#######'###▓
#..#.#.#)#.#.#.#§#.▓
+..'#.#.#.#.#.#.#.#▓
#..#.#.#.#.#.#.#.#.▓
#######▓▓▓▓▓▓▓▓▓▓▓▓▓


You could see Nikola and a friendly cyclops (berserk).

Vanquished Creatures
  Sigmund (D)
  Rupert (D)
  Polyphemus (D)
  A storm dragon (D)
  Ilsuiw (D)
  A ghost moth (D)
  2 dire elephants (D)
  A merfolk javelineer (D)
  Josephine (D)
  A mummy priest (D)
  3 hydras (D)
  A centaur warrior (D)
  3 ice dragons (D)
  4 death yaks (D)
  Urug (D)
  A shadow wraith (D)
  An anaconda zombie (D)
  2 skeletal warriors (D)
  An unseen horror (D)
  A sea snake (D)
  A spriggan druid (D)
  A lindwurm (D)
  An obsidian statue (D)
  A deep elf mage (D)
  2 oklob plants (D)
  A crystal guardian (D)
  2 black mambas (D)
  An elephant (D)
  4 statues (D)
  Edmund (D)
  2 spiny frogs (D)
  A komodo dragon (D)
  A rime drake (D)
  An anaconda simulacrum (D)
  A queen bee (D)
  2 tyrant leeches (D)
  8 blink frogs (D)
  3 orc high priests (D)
  3 hornets (D)
  3 dream sheep (D)
  A shadow (D)
  3 redbacks (D)
  2 spriggans (D)
  A spatial vortex (D)
  A hydra simulacrum (D)
  A swamp drake (D)
  A necrophage (D)
  A fire dragon simulacrum (D)
  2 centaurs (D)
  An earth elemental (D)
  3 wandering mushrooms (D)
  A water elemental (D)
  29 killer bees (D)
  An orc priest (D)
  A jelly (D)
  A wizard (D)
  A necromancer (D)
  A polar bear simulacrum (D)
  2 wolf simulacra (D)
  3 humans (D)
  A kobold demonologist (D)
  An ooze (D)
  2 swamp drake simulacra (D)
  A phantom (D)
  3 rats (D)
  9 plants (D)
143 creatures vanquished.

Vanquished Creatures (collateral kills)
  Gastronok (D)
  An orc high priest (D)
  An orc knight (D)
  3 crystal guardians (D)
  An orc sorcerer (D)
  An elephant (D)
  4 orc warriors (D)
  3 killer bees (D)
  5 orc priests (D)
  6 orcs (D)
26 creatures vanquished.

Vanquished Creatures (others)
  2 draconian scorchers (D)
  A death drake (D)
  3 yaktaurs (D)
  6 hellions (D)
  An electric eel (D)
  12 plants (D)
25 creatures vanquished.

Grand Total: 194 creatures vanquished

Notes
Turn   | Place    | Note
-------+----------+-------------------------------------------
     0 | D        | wojtek the Minotaur Berserker began the quest for the Orb.
     0 | D        | Reached XP level 1. HP: 19/19 MP: 0/0
     5 | D        | Reached skill level 4 in Axes
    77 | D        | Killed a hellion
   111 | D        | Killed a yaktaur
   140 | D        | Reached ** piety under Trog
   146 | D        | Killed a hellion
   172 | D        | Reached skill level 5 in Axes
   172 | D        | Reached XP level 2. HP: 28/28 MP: 1/1
   182 | D        | Killed a hellion
   182 | D        | Killed a hellion
   182 | D        | Killed a hellion
   194 | D        | Killed a white draconian scorcher
   205 | D        | Killed a white draconian scorcher
   234 | D        | Reached XP level 3. HP: 28/35 MP: 2/2
   300 | D        | Noticed a water elemental
   305 | D        | Killed a water elemental
   305 | D        | Reached *** piety under Trog
   305 | D        | Reached skill level 5 in Fighting
   305 | D        | Reached skill level 7 in Axes
   305 | D        | Reached skill level 5 in Armour
   305 | D        | Reached XP level 4. HP: 44/44 MP: 3/3
   310 | D        | Killed a hellion
   327 | D        | Killed a yaktaur
   389 | D        | Found a radiant altar of Vehumet.
   390 | D        | Found a deep blue altar of Sif Muna.
   390 | D        | Found an ancient bone altar of Kikubaaqudgha.
   390 | D        | Noticed a wizard
   392 | D        | Killed a wizard
   392 | D        | Reached skill level 8 in Axes
   392 | D        | Reached skill level 5 in Dodging
   395 | D        | Reached **** piety under Trog
   449 | D        | Found a glowing silver altar of Zin.
   450 | D        | Found a glowing golden altar of the Shining One.
   450 | D        | Found a white marble altar of Elyvilon.
   450 | D        | Noticed a deep elf mage
   458 | D        | Killed a deep elf mage
   458 | D        | Reached ***** piety under Trog
   458 | D        | Reached skill level 11 in Axes
   458 | D        | Reached XP level 5. HP: 14/57 MP: 4/4
   458 | D        | Reached XP level 6. HP: 16/63 MP: 5/5
   458 | D        | Reached XP level 7. HP: 17/70 MP: 6/6
   678 | D        | Found a hide-covered altar of Uskayaw.
   678 | D        | Found an iron altar of Okawaru.
   679 | D        | Found a roughly hewn altar of Beogh.
   679 | D        | Found a bloodstained altar of Trog.
   679 | D        | Found an ornate altar of the Wu Jian Council.
   679 | D        | Noticed a human
   679 | D        | Noticed a human
   686 | D        | Killed a human
   686 | D        | Received a gift from Trog
   686 | D        | Reached skill level 12 in Axes
   704 | D        | Killed a human
   704 | D        | Received a gift from Trog
   939 | D        | Found a shadowy altar of Dithmenos.
   941 | D        | Reached skill level 13 in Axes
   947 | D        | Found a basalt altar of Yredelemnul.
   947 | D        | Found a sacrificial altar of Ru.
   964 | D        | Noticed a shadow
   970 | D        | Reached skill level 10 in Fighting
   972 | D        | Killed a shadow
   972 | D        | Reached XP level 8. HP: 50/79 MP: 2/7
  1090 | D        | Found a blossoming altar of Fedhas.
  1090 | D        | Found a stormy altar of Qazlal.
  1090 | D        | Found a snail-covered altar of Cheibriados.
  1090 | D        | Found a burning altar of Makhleb.
  1090 | D        | Found a shimmering altar of Xom.
  1091 | D        | Found a hazy altar of Hepliaklqana.
  1091 | D        | Found an opulent altar of Gozag.
  1091 | D        | Found a sparkling altar of Nemelex Xobeh.
  1091 | D        | Found a corrupted altar of Lugonu.
  1091 | D        | Found a viscous altar of Jiyva.
  1100 | D        | Reached skill level 10 in Armour
  1120 | D        | Noticed Josephine
  1131 | D        | Killed Josephine
  1131 | D        | Reached skill level 15 in Axes
  1131 | D        | Reached skill level 10 in Dodging
  1131 | D        | Reached XP level 9. HP: 81/89 MP: 2/8
  1287 | D        | Found Ixat's Antique Armour Emporium.
  1287 | D        | Noticed an orc sorcerer
  1287 | D        | Noticed an orc high priest
  1289 | D        | Noticed an orc knight
  1295 | D        | Killed an orc high priest
  1295 | D        | Received a gift from Trog
  1296 | D        | Killed an orc sorcerer
  1304 | D        | Killed an orc knight
  1304 | D        | Reached skill level 16 in Axes
  1309 | D        | Received a gift from Trog
  1433 | D        | Bought glowing fire dragon scales for 1701 gold pieces
  1501 | D        | Noticed a centaur warrior
  1503 | D        | Received a gift from Trog
  1506 | D        | Killed a centaur warrior
  1506 | D        | Reached ****** piety under Trog
  1506 | D        | Received a gift from Trog
  1552 | D        | Killed an unseen horror
  1552 | D        | Reached skill level 17 in Axes
  1552 | D        | Reached XP level 10. HP: 42/101 MP: 9/9
  1858 | D        | Received a gift from Trog
  1872 | D        | Received a gift from Trog
  2200 | D        | Received a gift from Trog
  2204 | D        | Got a pitted executioner's axe {god gift}
  2210 | D        | Reached skill level 18 in Axes
  2211 | D        | Identified the +8 executioner's axe of the Undead {venom, rPois Int+2} (Trog gifted it to you in the Dungeon)
  2249 | D        | Received a gift from Trog
  2536 | D        | Noticed a spiny frog
  2536 | D        | Noticed a spiny frog
  2538 | D        | Killed a spiny frog
  2541 | D        | Killed a spiny frog
  2967 | D        | Received a gift from Trog
  2967 | D        | Reached XP level 11. HP: 95/110 MP: 10/10
  2969 | D        | Reached skill level 19 in Axes
  3046 | D        | Noticed Rupert
  3046 | D        | Paralysed by Rupert for 2 turns
  3058 | D        | Killed Rupert
  3058 | D        | Reached skill level 15 in Fighting
  3434 | D        | Noticed a dire elephant
  3441 | D        | Killed a dire elephant
  3441 | D        | Received a gift from Trog
  3441 | D        | Reached skill level 20 in Axes
  3444 | D        | Noticed Gastronok
  3448 | D        | Reached skill level 15 in Armour
  3454 | D        | Killed Gastronok
  3465 | D        | Noticed a dire elephant
  3468 | D        | Killed a dire elephant
  3623 | D        | Noticed a death yak
  3624 | D        | Noticed a death yak
  3633 | D        | Killed a death yak
  3668 | D        | Noticed a death yak
  3672 | D        | Killed a death yak
  3673 | D        | Noticed a death yak
  3673 | D        | Reached skill level 21 in Axes
  3676 | D        | Received a gift from Trog
  3683 | D        | Killed a death yak
  3688 | D        | Killed a death yak
  3688 | D        | Reached XP level 12. HP: 72/122 MP: 11/11
  3696 | D        | Reached skill level 15 in Dodging
  3868 | D        | Noticed an azure jelly
  3868 | D        | Noticed an azure jelly
  3874 | D        | Noticed Polyphemus
  3894 | D        | Killed Polyphemus
  3894 | D        | Received a gift from Trog
  3894 | D        | Reached skill level 22 in Axes
  4081 | D        | Noticed Ilsuiw
  4108 | D        | Killed Ilsuiw
  4116 | D        | Found Fekojato's Antique Armour Shoppe.
  4129 | D        | Found Jeq Dipra's Jewellery Boutique.
  4130 | D        | Found Seqit's Food Emporium.
  4131 | D        | Noticed a merfolk javelineer
  4156 | D        | Killed a merfolk javelineer
  4489 | D        | Got a barnacled rune of Zot
  4586 | D        | Received a gift from Trog
  4643 | D        | Noticed Urug
  4648 | D        | Killed Urug
  4851 | D        | Noticed a six-headed hydra
  4851 | D        | Noticed an eight-headed hydra
  4858 | D        | Killed a four-headed hydra
  4858 | D        | Reached skill level 23 in Axes
  4860 | D        | Killed a six-headed hydra
  4860 | D        | Received a gift from Trog
  5041 | D        | Found a blossoming altar of Fedhas.
  5043 | D        | Paralysed by a spriggan for 3 turns
  5050 | D        | Noticed a six-headed hydra
  5056 | D        | Killed a ten-headed hydra
  5056 | D        | Received a gift from Trog
  5102 | D        | Killed a ghost moth
  5102 | D        | Reached XP level 13. HP: 32/134 MP: 0/12
  5489 | D        | Received a gift from Trog
  5691 | D        | Got a pair of fine gloves
  5697 | D        | Identified the +4 pair of gloves of the Stars {Str+4 Int-2 SInv} (You found it in the Dungeon)
  5763 | D        | Found Xeong's Food Emporium.
  5763 | D        | Found Yhuzeih's Gadget Shop.
  5764 | D        | Found Vaag's Antique Weapon Shoppe.
  5787 | D        | Received a gift from Trog
  5796 | D        | Got a decaying rune of Zot
  5882 | D        | Noticed Sigmund
  5882 | D        | Noticed Edmund
  5892 | D        | Killed Sigmund
  5892 | D        | Reached skill level 24 in Axes
  5894 | D        | Killed Edmund
  5965 | D        | Received a gift from Trog
  6435 | D        | Received a gift from Trog
  6447 | D        | Found Moutsose's Jewellery Shop.
  6447 | D        | Found Liyc Buo's Magic Scroll Shoppe.
  6447 | D        | Found Usepu's Distillery.
  6447 | D        | Found Nar Rish's Jewellery Boutique.
  6447 | D        | Found Ihich's Book Emporium.
  6447 | D        | Found Kuchex's Antique Weapon Shop.
  6447 | D        | Found Kejomn's Gadget Boutique.
  6447 | D        | Found Rehaona's Antique Armour Shoppe.
  6447 | D        | Found Ritta's Armour Emporium.
  6447 | D        | Found Edwusen's Book Shop.
  6447 | D        | Found Qoalugopn's Antique Weapon Boutique.
  6447 | D        | Found Ucseente's Food Emporium.
  6483 | D        | Bought a runed cloak for 225 gold pieces
  6483 | D        | Bought a pair of glowing boots for 225 gold pieces
  6505 | D        | Bought a scroll of fear for 49 gold pieces
  6511 | D        | Bought an uncursed ring of protection from cold for 250 gold pieces
  6721 | D        | Received a gift from Trog
  6759 | D        | Reached skill level 25 in Axes
  6773 | D        | Found Poizxec's Distillery.
  6773 | D        | Found Ygesch's Gadget Shop.
  6773 | D        | Found Zuadas's Gadget Shop.
  6773 | D        | Found Vyocem's Food Shoppe.
  7029 | D        | Noticed a mummy priest
  7030 | D        | Killed a mummy priest
  7032 | D        | Received a gift from Trog
  7296 | D        | Noticed Nikola
  7296 | D        | Noticed a storm dragon
  7312 | D        | Killed a storm dragon
  7347 | D        | HP: 6/139 [Nikola/chain lightning (35)]
  7349 | D        | Killed from afar by Nikola

Skill      XL: |  1  2  3  4  5  6  7  8  9 10 11 12 13 |
---------------+----------------------------------------+-----
Fighting       | 4 5 9 10 11 13 14 16 17 19 | 19.7
Axes           | 5 7 11 13 15 17 18 21 23 25 | 25.8
Armour         | 3 4 5 8 9 11 12 14 16 17 18 | 18.7
Dodging        | 3 4 7 9 10 11 13 14 16 18 | 18.2

Action                   |  1- 3 |  4- 6 |  7- 9 | 10-12 | 13-15 || total
-------------------------+-------+-------+-------+-------+-------++-------
Melee: Hand axe          |    17 |     7 |    17 |       |       ||    41
       Headbutt          |     1 |     1 |    10 |    36 |    26 ||    74
       Battleaxe         |       |       |    35 |     5 |       ||    40
       Executioner's axe |       |       |    11 |   218 |   103 ||   332
Throw: Javelin           |       |       |     3 |       |       ||     3
Invok: Berserk           |     2 |     1 |       |     3 |       ||     6
       Burn Spellbooks   |       |     1 |     1 |       |       ||     2
       Brothers in Arms  |       |       |     2 |     5 |     3 ||    10
  Use: Potion            |       |       |       |       |     2 ||     2
 Stab: Distracted        |       |       |       |       |     1 ||     1
  Eat: Chunk             |       |     1 |     4 |     9 |     1 ||    15
       Ration            |       |       |       |     2 |     3 ||     5
Armor: Animal skin       |     1 |       |     1 |       |       ||     2
       Scale mail        |       |       |     3 |       |       ||     3
       Ring mail         |       |       |     8 |    10 |       ||    18
       Fire dragon scale |       |       |     3 |    36 |    18 ||    57
       Plate armour      |       |       |       |    39 |    18 ||    57
       Ice dragon scales |       |       |       |       |     3 ||     3
Dodge: Dodged            |     6 |     1 |    35 |   199 |    72 ||   313
